 Dungeon Crawl Stone Soup version 0.29-a0-613-gf2c431b9b9 (webtiles) character file.

Game seed: 11617530833401083374

25 Hubjo the Insei (level 2, -11/22 HPs)
             Began as a Demonspawn Transmuter on June 16, 2022.
             Was a Follower of Jiyva.
             Killed from afar by Sigmund (15 damage)
             ... with a puff of flame
             ... on level 2 of the Dungeon.
             The game lasted 00:02:12 (1176 turns).

Hubjo the Insei (Demonspawn Transmuter)             Turns: 1176, Time: 00:02:12

Health: -11/22     AC:  2    Str: 10    XL:     2   Next: 86%
Magic:  5/5        EV: 12    Int: 14    God:    Jiyva [*.....]
Gold:   52         SH:  4    Dex: 13    Spells: 4/5 levels left

rFire   . . .      SeeInvis .     - Unarmed
rCold   . . .      Faith    .   l - orb {*Rage}
rNeg    . . .      Spirit   .   a - +0 robe
rPois   .          Reflect  .   (no helmet)
rElec   .          Harm     .   (no cloak)
rCorr   .          Rampage  .   (no gloves)
Will    .....      Rage     20% (no boots)
Stlth   +.........              (no amulet)
HPRegen 0.87/turn               (no ring)
MPRegen 0.34/turn               (no ring)

@: no status effects
A: large bone plates 1
a: Renounce Religion


You were on level 2 of the Dungeon.
You worshipped Jiyva.
Jiyva was aware of your devotion.
You visited 1 branch of the dungeon, and saw 2 of its levels.

You collected 52 gold pieces.

Inventory:

Armour
 a - a +0 robe (worn)
 l - an orb of wrath (worn)
Scrolls
 d - a scroll of silence {unknown}
 e - a scroll of brand weapon {unknown}
 i - 2 scrolls of enchant weapon {unknown}
 j - a scroll of acquirement {unknown}
 k - a scroll of identify {unknown}
Potions
 b - a potion of lignification
 c - a potion of haste
 f - a potion of mutation {unknown}
 g - 2 potions of heal wounds {unknown}
 h - a potion of curing {unknown}


   Skills:
 * Level 1.7 Fighting
 - Level 1.7 Dodging
 + Level 0.7 Stealth
 + Level 2.9 Unarmed Combat
 + Level 2.2 Spellcasting
 + Level 2.1 Transmutations


You had 4 spell levels left.
You knew the following spells:

 Your Spells              Type           Power      Damage    Failure   Level
a - Beastly Appendage     Tmut           14%        N/A       10%         1

Your spell library contained the following spells:

 Spells                   Type           Power      Damage    Failure   Level
 Wereblood                Tmut           7%         N/A       14%         2
 Freeze                   Ice            4%         1d3       24%         1
 Spider Form              Tmut/Pois      4%         N/A       41%         3
 Ice Form                 Ice/Tmut       4%         N/A       83%         4


Dungeon Overview and Level Annotations

Branches:
Dungeon (2/15)

Altars:
Jiyva

Annotations:
D:2 Sigmund


Innate Abilities, Weirdness & Mutations

You are partially covered in large bone plates. (SH +4)


Message History

Sigmund shouts!
You hear a distant slurping noise. x2
You start putting on your armour.
You continue putting on your orb of wrath.
Sigmund casts a spell at you.
Keep equipping yourself?
The magic dart hits you.
You continue putting on your orb of wrath.
Sigmund points at you and mumbles some strange words.
The puff of flame misses you.
You continue putting on your orb of wrath.
Sigmund breathes a few words.
Sigmund's hands start flickering wildly.
You continue putting on your orb of wrath.
Sigmund drinks a potion.
Sigmund seems to speed up.
You finish putting on your orb of wrath.
Sigmund laughs darkly.
Sigmund points at you and mumbles some strange words.
You are confused.
You hear a distant slurping noise.
You bump into the rock wall.
Sigmund barely misses you.
You're too confused to move!
Sigmund hits you from afar with a +0 scythe!
Ouch! That really hurt!
You bump into the rock wall.
Sigmund hits you from afar with a +0 scythe.
* * * LOW HITPOINT WARNING * * *
Sigmund points at you and mumbles some strange words.
You resist with significant effort. Sigmund misses you.
You bump into the rock wall.
Sigmund barely misses you.
You closely miss Sigmund. Sigmund completely misses you.
You bump into the rock wall.
Sigmund points at you and mumbles some strange words.
The puff of flame hits you!
* * * LOW HITPOINT WARNING * * *
You closely miss Sigmund.
You feel less confused. Sigmund gestures at you while chanting.
The puff of flame hits you!
Ouch! That really hurt!
You die...

......#..#...............
...........#####.........
......#..#.# ##.##...#.
#.#...#..#.# #.# .##
#..........# #.#
###...#..### #<#
..>......# #.#
###..###.#######...
#...(....@@.......
........#######...##
##..##### ##.## #. #.# ..
#.. #


You could see Sigmund (fast).

Vanquished Creatures
  A dart slug (D:1)
  4 bats
  2 endoplasms (D:1)
  2 goblins
  2 hobgoblins
  3 jackals (D:1)
  A quokka (D:1)
  A ball python (D:1)
  A frilled lizard (D:2)
  5 rats
22 creatures vanquished.

Vanquished Creatures (others)
  A goblin (D:2)
1 creature vanquished.

Grand Total: 23 creatures vanquished

Notes
Turn   | Place    | Note
-------+----------+-------------------------------------------
     0 | D:1      | Hubjo the Demonspawn Transmuter began the quest for the
                  | Orb.
     0 | D:1      | Reached XP level 1. HP: 15/15 MP: 3/3
   239 | D:1      | Gained mutation: You are partially covered in large bone
                  | plates. (SH +4) [demonic ancestry]
   239 | D:1      | Reached XP level 2. HP: 7/21 MP: 3/5
   496 | D:1      | Found a faded altar of an unknown god.
   519 | D:1      | Got Plato's Disquisition on Snow
   520 | D:1      | Prayed at the altar of an unknown god.
   520 | D:1      | Became a worshipper of Jiyva Joopserc the Shapeless
   520 | D:1      | Reached * piety under Jiyva
  1161 | D:2      | Noticed Sigmund
  1176 | D:2      | Killed from afar by Sigmund

Illustrated notes

Levels and vault maps discovered:
D:1:      psy_arrival_radial02, layout_basic,
          shapermc_ecumenical_altar_rom_forum
D:2:      layout_loops_ring, nrook_mini_backslash, uniq_sigmund

Skill      XL: |  1  2 |
---------------+-------+-----
Transmutations | 2 |  2.1
Fighting       | |  1.7
Dodging        | |  1.7
Stealth        | |  0.7
Unarmed Combat | |  2.9
Spellcasting   | |  2.2

Action                   || total
-------------------------++-------
Melee: Unarmed           ||    61
       Kick              ||     9
       Headbutt          ||     6
 Cast: Beastly Appendage ||    17
Armor: Robe              ||    17
Dodge: Dodged            ||    38
Block: Other             ||     7
       Orb               ||     1

Table legend: (Time is in decaauts)
 A = Elapsed time spent in this place.
 B = Non-inter-level travel time spent in this place.
 C = Inter-level travel time spent in this place.
 D = Time resting spent in this place.
 E = Time spent auto-exploring this place.
 F = Levels seen in this place.
 G = Mean time per level.
                   A        B        C        D        E       F      G
               +--------+--------+--------+--------+--------+-----+--------+
         Total |   1193 |   1117 |     76 |      0 |    925 |   2 |  596.5 |
       Dungeon |   1193 |   1117 |     76 |      0 |    925 |   2 |  596.5 |
               +--------+--------+--------+--------+--------+-----+--------+

Top non-repeatable levels by time:
     D:1: 1136 daAuts
     D:2: 57 daAuts
